 Dungeon Crawl Stone Soup version 0.32-a0-172-gc5dd13f2a7 (webtiles) character file.

Game seed: 9722654455443988038

81 zenocrate the Sneak (level 4, -1/28 HPs)
             Began as a Kobold Delver on Feb 13, 2024.
             Slain by an orc
             ... wielding a +0 morningstar
              (3 damage)
             ... on level 3 of the Dungeon.
             The game lasted 00:00:44 (597 turns).

zenocrate the Sneak (Kobold Delver)                  Turns: 597, Time: 00:00:45

Health: -1/28      AC:  3    Str:  9    XL:     4   Next: 68%
Magic:  4/4        EV: 15    Int: 11    God:
Gold:   24         SH:  0    Dex: 18    Spells: 3/3 levels left

rFire   . . .        a - +0 short sword
rCold   . . .        (no shield)
rNeg    . . .        b - +0 leather armour
rPois   .            (no helmet)
rElec   .            (no cloak)
rCorr   .            (no gloves)
SInv    .            (no boots)
Will    .....        (no amulet)
Stlth   +++++        (no ring)
HPRegen 0.24/turn    (no ring)
MPRegen 0.09/turn

%: no passive effects
@: no status effects
A: small, no large weapons, nightstalker 3
a: no special abilities


You were on level 3 of the Dungeon.
You visited 1 branch of the dungeon, and saw 3 of its levels.

You collected 24 gold pieces.

Inventory:

Hand Weapons
 a - a +0 short sword (weapon)
Armour
 b - a +0 leather armour (worn)
 i - a +0 buckler
Wands
 g - a wand of digging (3)
Scrolls
 c - a scroll of fog
 d - a scroll of revelation
 h - 2 scrolls of enchant armour {unknown}


   Skills:
 - Level 3.2 Fighting
 * Level 4.2 Short Blades
 + Level 3.6 Dodging
 + Level 7.4 Stealth


You had 3 spell levels left.
You didn't know any spells.
Your spell library was empty.

Dungeon Overview and Level Annotations

Branches:
Dungeon (5/15)
 Temple: D:4-7

Altars:
Trog


Innate Abilities, Weirdness & Mutations

You are small and have problems with some larger weapons.
You are completely attuned to the shadows.


Message History

The orc hits you with a +0 hand axe.
* * * LOW HITPOINT WARNING * * *
Unknown command.
Unknown command.
As you read the scroll of fear, it crumbles to dust.
You assume a fearsome visage.
The orc looks frightened! x3
Unknown command.
You hit the adder.
The adder is severely wounded.
You hit the adder.
You kill the adder!
Unknown command.
You see here an adder corpse.
The orc begs for mercy.
You barely miss the orc.
The orc is lightly wounded.
Unknown command.
You hit the orc.
You kill the orc!
You are too injured to fight recklessly!
You see here a +0 dagger.
Your extra speed is starting to run out.
You feel yourself slow down.
An orc is nearby!
You are too injured to fight recklessly!
An orc is nearby!
An orc is nearby!
You are too injured to fight recklessly!
You are too injured to fight recklessly!
The orc misses you.
You are too injured to fight recklessly!
You hit the orc but do no damage. The orc hits you with a +0 morningstar!
* * * LOW HITPOINT WARNING * * *
You hit the orc.
The orc is moderately wounded.
You are too injured to fight recklessly!
You hit the orc but do no damage.
The orc is moderately wounded.
The orc hits you with a +0 morningstar.
You die...

#. #.# #.#.# ###. #.#
#...# #.#. #.# ###.##
#
....#####.####...####
....................'
.....####.........^.#
.....)..#####.#.###.#
##...##.# #.#.# #.#
....@...# #. #.#
....o...# #.#
........# #.#
##..o##†# ........#
#...#### ##.## #. ..


You could see 2 orcs.

Vanquished Creatures
  2 hounds (D:5)
  A gnoll (D:4)
  An adder (D:3)
  An orc (D:3)
  A ball python (D:3)
  An endoplasm (D:3)
  A kobold (D:4)
8 creatures vanquished.

Notes
Turn   | Place    | Note
-------+----------+-------------------------------------------
     0 | D:5      | zenocrate the Kobold Delver began the quest for the Orb.
     0 | D:5      | Reached XP level 1. HP: 14/14 MP: 1/1
    50 | D:5      | Noticed an iguana
    50 | D:5      | Noticed a komodo dragon
    50 | D:5      | Noticed a scorpion
    50 | D:5      | Noticed a hornet
   147 | D:5      | Noticed a hound
   161 | D:5      | Killed a hound
   162 | D:5      | Reached skill level 7 in Stealth
   162 | D:5      | Reached XP level 2. HP: 4/19 MP: 2/2
   162 | D:5      | Reached XP level 3. HP: 5/23 MP: 3/3
   263 | D:5      | Reached XP level 4. HP: 28/28 MP: 4/4
   297 | D:4      | Found a bloodstained altar of Trog.
   595 | D:3      | HP: 1/28 [orc/+0 morningstar (11)]
   597 | D:3      | Slain by an orc

Illustrated notes

Levels and vault maps discovered:
D:3:      layout_loops_corners, overflow_temple_1_default
D:4:      layout_loops_ring, nicolae_overflow_crystal_walls,
          regret_index_temple_of_mockery
D:5:      layout_basic, mainiacjoe_overflow_tiny_flanked, lightli_corner_chamber

Skill      XL: |  1  2  3  4 |
---------------+-------------+-----
Short Blades   | 3 4 |  4.2
Dodging        | 3 |  3.6
Stealth        | 7 |  7.4
Fighting       | |  3.2

Action                     |  1- 3 |  4- 6 || total
---------------------------+-------+-------++-------
  Melee: Short sword       |    11 |    34 ||    45
    Use: Scroll            |       |     1 ||     1
         Potion            |       |     1 ||     1
   Stab: Sleeping          |     1 |     1 ||     2
 Armour: Leather armour    |     6 |    21 ||    27
  Dodge: Dodged            |     6 |    14 ||    20

Table legend: (Time is in decaauts)
 A = Elapsed time spent in this place.
 B = Non-inter-level travel time spent in this place.
 C = Inter-level travel time spent in this place.
 D = Time resting spent in this place.
 E = Time spent auto-exploring this place.
 F = Levels seen in this place.
 G = Mean time per level.
                   A        B        C        D        E       F      G
               +--------+--------+--------+--------+--------+-----+--------+
         Total |    575 |    575 |      0 |      0 |    459 |   3 |  191.7 |
       Dungeon |    575 |    575 |      0 |      0 |    459 |   3 |  191.7 |
               +--------+--------+--------+--------+--------+-----+--------+

Top non-repeatable levels by time:
     D:5: 267 daAuts
     D:3: 177 daAuts
     D:4: 129 daAuts
